 Dungeon Sprint DCSS version 0.20.1-1-g8b1a95d (webtiles) character file.

520 HoaS the Fighter (level 7, -2/71 HPs)
             Began as a Minotaur Berserker on Oct 8, 2017.
             Was a High Priest of Trog.
             Slain by a guardian serpent (shapeshifter) (14 damage)
             ... in the Dungeon (Sprint IX: "|||||||||||||||||||||||||||||").
             The game lasted 00:03:20 (475 turns).

HoaS the Fighter (Minotaur Berserker)                Turns: 475, Time: 00:03:23

Health: -2/71      AC: 12    Str: 24    XL:     7   Next: 1%
Magic:  6/6        EV: 15    Int:  4    God:    Trog [*****.]
Gold:   0          SH:  0    Dex: 12    Spells: 6/6 levels left

rFire    . . .     SeeInvis .   a - +0 hand axe
rCold    . . .     Gourm    .   (no shield)
rNeg     . . .     Faith    .   q - +2 ring mail
rPois    .         Spirit   .   (helmet restricted)
rElec    .         Reflect  .   r - +0 cloak
rCorr    .         Harm     .   (no gloves)
MR       .....     NoTele   +   (no boots)
Stlth    +.........             (no amulet)
Regen    0.3/turn               s - +3 ring of dexterity
MPRegen  0.1/turn               p - +2 ring of protection

@: no status effects
A: retaliatory headbutt, horns 2
a: Berserk, Trog's Hand, Brothers in Arms, Burn Spellbooks, Renounce Religion


You were in the Dungeon.
You worshipped Trog.
Trog was extremely pleased with you.
You were hungry.

You visited 1 branch

Inventory:

Hand Weapons
 a - a +0 hand axe (weapon)
 n - a +1 broad axe of distortion
 o - a +2 dire flail of protection
Armour
 q - a +2 ring mail (worn)
 r - a +0 cloak (worn)
Jewellery
 p - a +2 ring of protection (right hand)
 s - a +3 ring of dexterity (left hand)
Wands
 m - a wand of iceblast (7/15)
Scrolls
 i - 2 scrolls of blinking
 l - 3 scrolls of remove curse
Potions
 d - 5 potions of curing
 e - 3 potions of heal wounds
 f - a potion of haste
 g - 4 potions of magic
 h - a potion of berserk rage
 k - a potion of invisibility
Comestibles
 c - a bread ration


   Skills:
 + Level 9.7 Fighting
 + Level 9.7 Axes
 + Level 9.2 Armour
 + Level 8.6 Dodging


You had 6 spell levels left.
You didn't know any spells.

Dungeon Overview and Level Annotations

Branches:
Dungeon (1/1)

Altars:
Cheibriados
Dithmenos
Elyvilon
Fedhas
Gozag
Hepliaklqana
Kikubaaqudgha
Makhleb
Nemelex Xobeh
Okawaru
Qazlal
Ru
Sif Muna
Trog
Uskayaw
Vehumet
Xom
Yredelemnul
Zin
The Shining One
Beogh
Jiyva
Lugonu


Innate Abilities, Weirdness & Mutations

You reflexively headbutt those who attack you in melee.
You have a pair of horns on your head.


Message History

The guardian serpent hits you.
You barely miss the guardian serpent.
The guardian serpent is moderately wounded.
The guardian serpent misses you.
You hit the guardian serpent.
The guardian serpent is moderately wounded.
The guardian serpent closely misses you.
You furiously retaliate!
You headbutt the guardian serpent, but do no damage.
You barely miss the guardian serpent.
The guardian serpent is moderately wounded.
The guardian serpent hits you!
* * * LOW HITPOINT WARNING * * *
You hit the guardian serpent.
Your headbutt misses the guardian serpent.
The guardian serpent is moderately wounded.
The guardian serpent hits you.
* * * LOW HITPOINT WARNING * * *
The guardian serpent hits you!
You die... ▓▓▓▓▓▓▓▓▓▓▓▓▓▓▓▓▓▓▓▓▓▓▓▓ +.....S@......').[[.(|?. ▓▓▓▓▓▓▓▓▓▓▓▓▓▓▓▓▓▓▓▓▓▓▓▓

You could see a guardian serpent shaped shifter.

Vanquished Creatures
  2 orc warriors (D)
  An ice beast (D)
  A big kobold (D)
  A howler monkey (D)
  2 crimson imps (D)
  An orc wizard (D)
  An adder (D)
  A shadow imp (D)
  An ooze (D)
  An adder skeleton (D)
  3 orcs (D)
  3 bats (D)
  A kobold (D)
  A giant cockroach zombie (D)
  A rat (D)
21 creatures vanquished.

Notes
Turn   | Place    | Note
-------+----------+-------------------------------------------
     0 | D        | HoaS the Minotaur Berserker began the quest for the Orb.
     0 | D        | Reached XP level 1. HP: 19/19 MP: 0/0
     6 | D        | Reached ** piety under Trog
    30 | D        | Reached *** piety under Trog
    30 | D        | Reached XP level 2. HP: 28/28 MP: 1/1
    39 | D        | Reached skill level 5 in Fighting
    39 | D        | Reached skill level 5 in Axes
    43 | D        | Reached XP level 3. HP: 23/36 MP: 2/2
   132 | D        | Found a roughly hewn altar of Beogh.
   132 | D        | Found a snail-covered altar of Cheibriados.
   132 | D        | Found a shadowy altar of Dithmenos.
   132 | D        | Found a white marble altar of Elyvilon.
   132 | D        | Found a blossoming altar of Fedhas.
   132 | D        | Found an opulent altar of Gozag.
   133 | D        | Found a hazy altar of Hepliaklqana.
   134 | D        | Found a viscous altar of Jiyva.
   135 | D        | Found an ancient bone altar of Kikubaaqudgha.
   136 | D        | Found a corrupted altar of Lugonu.
   137 | D        | Found a burning altar of Makhleb.
   138 | D        | Found a sparkling altar of Nemelex Xobeh.
   139 | D        | Found an iron altar of Okawaru.
   140 | D        | Found a stormy altar of Qazlal.
   141 | D        | Found a sacrificial altar of Ru.
   142 | D        | Found a deep blue altar of Sif Muna.
   143 | D        | Found a bloodstained altar of Trog.
   144 | D        | Found a hide-covered altar of Uskayaw.
   145 | D        | Found a radiant altar of Vehumet.
   147 | D        | Found a shimmering altar of Xom.
   148 | D        | Found a basalt altar of Yredelemnul.
   149 | D        | Found a glowing silver altar of Zin.
   150 | D        | Found a glowing golden altar of the Shining One.
   207 | D        | Noticed an ice beast
   207 | D        | Noticed an orc warrior
   207 | D        | Noticed a big kobold
   216 | D        | Reached **** piety under Trog
   216 | D        | Reached skill level 5 in Armour
   224 | D        | Killed a big kobold
   224 | D        | Reached skill level 5 in Dodging
   224 | D        | Reached XP level 4. HP: 25/47 MP: 3/3
   228 | D        | Killed an orc warrior
   228 | D        | Reached XP level 5. HP: 29/53 MP: 4/4
   237 | D        | Killed an ice beast
   237 | D        | Reached XP level 6. HP: 36/62 MP: 5/5
   240 | D        | Reached ***** piety under Trog
   438 | D        | Noticed a queen bee
   438 | D        | Noticed an orc warrior
   444 | D        | Noticed a guardian serpent
   444 | D        | a queen bee changed into a guardian serpent
   467 | D        | Killed an orc warrior
   467 | D        | Received a gift from Trog
   467 | D        | Reached XP level 7. HP: 43/71 MP: 6/6
   475 | D        | Slain by a guardian serpent (shapeshifter)

Skill      XL: |  1  2  3  4  5  6 |
---------------+-------------------+-----
Fighting       | 4 5 7 8 9 |  9.7
Axes           | 4 5 7 8 9 |  9.7
Armour         | 3 4 6 7 8 9 |  9.2
Dodging        | 3 5 6 7 8 |  8.6

Action                   |  1- 3 |  4- 6 |  7- 9 || total
-------------------------+-------+-------+-------++-------
Melee: Hand axe          |    37 |    41 |     8 ||    86
       Headbutt          |     4 |     7 |       ||    11
Invok: Trog's Hand       |     2 |     1 |       ||     3
       Berserk           |       |     1 |       ||     1
Armor: Animal skin       |     7 |       |       ||     7
       Ring mail         |     7 |     6 |       ||    13
Dodge: Dodged            |    26 |    18 |     3 ||    47
